Map: Rhoskallian LE

Players

qqq

  • Race: Protoss Protoss
  • Spawn Location: 6:00

Massa

  • Race: Terran Terran
  • Spawn Location: 5:00

Fluke - Winner!

  • Race: Terran Terran
  • League: Diamond
  • Spawn Location: 11:00

Mendorill - Winner!

  • Race: Zerg Zerg
  • League: Diamond
  • Spawn Location: 12:00

VOD

Have the link to the VOD?

Description

Time

  • Played on: June 10, 2020, 6:34 a.m.
  • Length: 5:01
Show
View Real Time Build Order
Export as new Build Order

qqq Protoss 

Build Orders:  

Get SALT Encoding   

  12  0:02  Probe  
  13  0:14  Probe  
  14  0:26  Probe  
  15  0:35  Pylon  
  15  0:53  Probe  
  16  1:05  Probe  
  17  1:31  Probe  
  18  1:43  Probe  
  19  2:14  Probe, Forge  
  20  2:26  Probe  
  21  3:03  Pylon  
  21  3:14  Probe  
  21  3:18  Pylon  
  22  3:25  Photon Cannon  
  22  3:26  Probe  
  23  3:36  Photon Cannon  
  23  3:39  Probe  
  12  3:57  Gateway  
  12  3:59  Probe  
  13  4:11  Probe  
  14  4:25  Assimilator  
  14  4:27  Probe  
  15  4:39  Probe  
  16  4:48  Pylon  
  17  5:01  Photon Cannon  
Show
View Real Time Build Order
Export as new Build Order

Massa Terran 

Build Orders:  

Get SALT Encoding   

  12  0:11  Supply Depot  
  12  0:13  SCV  
  13  0:25  SCV  
  14  0:37  Supply Depot  
  14  0:38  SCV  
  15  0:50  SCV  
  16  1:02  SCV  
  17  1:14  SCV  
  18  1:24  Barracks  
  18  1:31  SCV, Barracks x2  
  19  1:43  SCV  
  20  1:55  SCV  
  21  2:12  Marine  
  22  2:18  Marine  
  23  2:29  Barracks  
  23  2:30  Marine  
  23  2:35  Marine  
  23  2:36  Marine  
  26  2:39  Bunker  
  25  2:48  Marine  
  23  2:54  Marine  
  18  3:22  SCV  
  18  3:27  Refinery  
  19  3:34  SCV  
  19  3:37  Command Center  
  20  3:44  Barracks  
  20  3:50  Marine  
  20  3:53  Marine  
  22  3:55  Marine  
  23  4:08  Marine  
  23  4:09  Refinery, Orbital Command  
  24  4:11  Marine  
  24  4:13  Marine  
  26  4:23  Barracks  
  20  4:42  Barracks  
Show
View Real Time Build Order
Export as new Build Order

Fluke Terran - Winner!

Build Orders:  

Get SALT Encoding   

  12  0:01  SCV  
  13  0:13  SCV  
  14  0:21  Supply Depot  
  14  0:26  SCV  
  15  0:36  Refinery  
  15  0:46  Barracks  
  15  0:49  SCV  
  16  1:01  SCV  
  17  1:14  SCV  
  18  1:37  Barracks  
  17  1:53  SCV  
  10  2:10  SCV  
  8  2:34  SCV  
  8  2:36  Marine  
  8  2:49  SCV  
  9  3:00  Marine  
  9  3:01  SCV  
  10  3:13  SCV  
  10  3:31  SCV  
  10  3:41  Marine  
  11  3:47  SCV  
  13  4:05  SCV  
  13  4:06  Barracks Reactor  
  13  4:17  SCV  
  15  4:43  Factory  
Show
View Real Time Build Order
Export as new Build Order

Mendorill Zerg - Winner!

Build Orders: Hatch First 

Get SALT Encoding   

  12  0:02  Drone  
  13  0:12  Drone  
  14  0:18  Overlord  
  14  0:36  Drone x3  
  17  0:54  Hatchery  
  16  0:57  Drone  
  16  1:03  Drone  
  18  1:18  Extractor  
  18  1:19  Spawning Pool  
  16  1:31  Drone x3  
  19  2:07  Drone, Queen  
  22  2:14  Zergling x6  
  25  2:19  Spine Crawler x2  
  25  2:20  Spine Crawler  
  22  2:39  Spine Crawler  
  22  2:43  Queen  
  23  2:51  Zergling x2  
  23  2:52  Zergling x4  
  26  3:11  Zergling x4  
  28  3:13  Overlord  
  28  3:17  Metabolic Boost  
  27  3:56  Baneling Nest  
  27  3:57  Drone x3  
  29  4:06  Zergling x12  
  33  4:40  Zergling x2  
  33  4:41  Zergling x2  
Tags
 
Add a new tag
Caveats
  • Supply blocks, unpowered buildings, or Contaminate may cause inaccurate times.
  • Supply counts are checked every 10 seconds.